 Dungeon Crawl Stone Soup version 0.26-a0-639-g72c4674329 (webtiles) character file.

Game seed: 148501778218929378

127 Borgoz the Ruffian (level 5, -5/45 HPs)
             Began as a Ghoul Gladiator on Sept 20, 2020.
             Was an Initiate of Okawaru.
             Killed by divine providence
             ... invoked by an orc priest
              (16 damage)
             ... on level 3 of the Dungeon.
             The game lasted 00:02:32 (2232 turns).

Borgoz the Ruffian (Ghoul Gladiator)                Turns: 2232, Time: 00:02:32

Health: -5/45      AC:  9    Str: 19    XL:     5   Next: 11%
Magic:  4/4        EV: 12    Int:  3    God:    Okawaru [......]
Gold:   197        SH:  0    Dex: 10    Spells: 4/4 levels left

rFire    + . .     SeeInvis .     - Unarmed
rCold    + + .     Faith    .   (no shield)
rNeg     + + +     Spirit   .   j - +0 ring mail
rPois    ∞         Reflect  .   b - +0 helmet
rElec    +         Harm     .   (no cloak)
rCorr    +         Rampage  .   (no gloves)
MR       .....                  l - +2 pair of boots
Stlth    ..........             (no amulet)
HPRegen  0.00/turn              (no ring)
MPRegen  0.09/turn              (no ring)

@: resistant, flying
A: rotting body, claws 1, cold resistance 1, negative energy resistance 3,
inhibited regeneration, torment resistance, unbreathing
a: Renounce Religion


You were on level 3 of the Dungeon.
You worshipped Okawaru.
Okawaru was noncommittal.
You visited 1 branch of the dungeon, and saw 3 of its levels.

You collected 197 gold pieces.

Inventory:

Missiles
 c - 3 throwing nets (quivered)
Armour
 b - a +0 helmet (worn)
 j - a +0 ring mail (worn)
 l - a +2 pair of boots (worn)
Scrolls
 a - a scroll of blinking {unknown}
 d - 2 scrolls of teleportation {unknown}
 e - a scroll of enchant armour {unknown}
 g - 2 scrolls of remove curse {unknown}
 h - a scroll of amnesia {unknown}
 i - a scroll of magic mapping {unknown}
 k - a scroll of identify {unknown}


   Skills:
 + Level 3.3 Fighting
 - Level 1.8 Throwing
 + Level 1.8 Armour
 + Level 3.4 Dodging
 + Level 4.2 Unarmed Combat


You had 4 spell levels left.
You didn't know any spells.
Your spell library was empty.

Dungeon Overview and Level Annotations

Branches:
Dungeon (3/15)

Altars:
Cheibriados
Okawaru


Innate Abilities, Weirdness & Mutations

Your body is rotting away.
You thrive by killing the living.
You are immune to poison.
You have sharp fingernails.
Your flesh is cold resistant. (rC+)
You are immune to negative energy. (rN+++)
You do not regenerate when monsters are visible.
You are immune to unholy pain and torment.
You can survive without breathing.


Message History

You feel protected. The orc priest completely misses you.
You feel better.
The orc priest hits you but does no damage.
It was a potion of flight.
You feel very buoyant.
You fly up into the air.
The orc priest looks braver for a moment.
The orc priest calls down the wrath of Beogh upon you.
Beogh smites you!
* * * LOW HITPOINT WARNING * * *
Okay, then.
You aren't carrying any potions.
Okay, then.
You scratch the orc priest but do no damage.
The orc priest hits you but does no damage.
You scratch the orc priest but do no damage.
The orc priest mumbles some strange prayers to Beogh against you.
Beogh smites you!
You die...

#.###.###.#####..)#####
#.........# #.......#
#.........# #....##.#
..###.#..##.## #....##.#
#......(.##.# #.#..##.#
#.###.#.#.........##.##.#
#$#$#.#######.##.##.#
#.....# #.......##
.......#@# #.##.....[
...######o# #.....###. ##


.oo #.##.# #. ..#.. # #. #. #.# #.# #. #. #. .. # #. ## ... #. !.. ## You could
see 2 orc priests and an orc.

Vanquished Creatures
  Terence (D:3)
  Jessica (D:3)
  An adder (D:2)
  A dart slug (D:2)
  A leopard gecko (D:3)
  8 orcs (D:3)
  A giant cockroach (D:2)
  7 goblins
  7 hobgoblins
  A quokka (D:2)
  11 bats
  2 frilled lizards
  4 kobolds
  7 rats
53 creatures vanquished.

Notes
Turn   | Place    | Note
-------+----------+-------------------------------------------
     0 | D:1      | Borgoz the Ghoul Gladiator began the quest for the Orb.
     0 | D:1      | Reached XP level 1. HP: 17/17 MP: 0/0
   168 | D:1      | Reached XP level 2. HP: 25/25 MP: 1/1
   852 | D:2      | Found an iron altar of Okawaru.
   871 | D:2      | Became a worshipper of Warmaster Okawaru
   875 | D:2      | Reached XP level 3. HP: 30/30 MP: 2/2
   893 | D:2      | Found a snail-covered altar of Cheibriados.
   911 | D:2      | Reached skill level 1 in Armour
  1611 | D:3      | Noticed Terence
  1630 | D:3      | Killed Terence
  1630 | D:3      | Reached XP level 4. HP: 18/38 MP: 3/3
  1915 | D:3      | Reached skill level 4 in Unarmed Combat
  2027 | D:3      | Noticed Jessica
  2035 | D:3      | Killed Jessica
  2035 | D:3      | Reached XP level 5. HP: 42/45 MP: 4/4
  2232 | D:3      | Killed from afar by an orc priest

Illustrated notes

Levels and vault maps discovered:
D:1:      scummos_arrival_simple_crosswalls, layout_loops_ring, chequers_avenue,
          minmay_unequal
D:2:      layout_basic, kennysheep_slug_shrine, okawaru_gym_becter
D:3:      layout_loops_cross, uniq_jessica, uniq_terence

Skill      XL: |  1  2  3  4 |
---------------+-------------+-----
Dodging        | 3 |  3.4
Armour         | 1 |  1.8
Fighting       | 3 |  3.3
Unarmed Combat | 4 |  4.2
Throwing       | |  1.8

Action                   |  1- 3 |  4- 6 || total
-------------------------+-------+-------++-------
Melee: Unarmed           |   110 |    63 ||   173
       Punch             |     2 |       ||     2
  Use: Potion            |     1 |     4 ||     5
Armor: Leather armour    |    32 |       ||    32
       Ring mail         |    10 |    22 ||    32
Dodge: Dodged            |    79 |    41 ||   120

Table legend: (Time is in decaauts)
 A = Elapsed time spent in this place.
 B = Non-inter-level travel time spent in this place.
 C = Inter-level travel time spent in this place.
 D = Time resting spent in this place.
 E = Time spent auto-exploring this place.
 F = Levels seen in this place.
 G = Mean time per level.
                   A        B        C        D        E       F      G
               +--------+--------+--------+--------+--------+-----+--------+
         Total |   2203 |   2134 |     69 |    170 |   1606 |   3 |  734.3 |
       Dungeon |   2203 |   2134 |     69 |    170 |   1606 |   3 |  734.3 |
               +--------+--------+--------+--------+--------+-----+--------+

Top non-repeatable levels by time:
     D:2: 813 daAuts
     D:1: 790 daAuts
     D:3: 600 daAuts
